Map: 세룰리안 폴 - 래더

Players

Maru

  • Race: Terran Terran
  • League: Master
  • Spawn Location: 1:00

soO - Winner!

  • Race: Zerg Zerg
  • Spawn Location: 7:00

Event: IEM Season 13 - Katowice Server Qualifiers America

VOD

Have the link to the VOD?

Description

Time

  • Played on: Jan. 6, 2019, 7:03 p.m.
  • Length: 17:46

All games in this series

Show
View Real Time Build Order
Export as new Build Order

Maru Terran 

Build Orders: Reaper Expand, Hellion Banshee 

Get SALT Encoding   

  12  0:00  SCV  
  13  0:12  SCV  
  14  0:17  Supply Depot  
  14  0:25  SCV  
  15  0:38  SCV  
  15  0:39  Barracks  
  16  0:43  Refinery  
  16  0:51  SCV  
  17  1:03  SCV  
  18  1:15  SCV  
  19  1:26  Reaper  
  19  1:27  Orbital Command  
  20  1:41  Command Center  
  20  1:52  SCV  
  21  1:58  Marine  
  22  2:01  Supply Depot  
  22  2:05  SCV  
  22  2:07  Factory  
  23  2:19  Refinery  
  23  2:22  Barracks Reactor  
  23  2:23  SCV  
  24  2:35  SCV  
  25  2:47  SCV  
  26  2:53  Orbital Command, Starport  
  26  2:59  SCV  
  26  3:01  Hellion x2  
  31  3:08  Marine  
  31  3:11  SCV  
  33  3:19  SCV, Supply Depot  
  34  3:22  Hellion  
  34  3:23  SCV, Hellion  
  39  3:30  Starport Tech Lab  
  39  3:31  SCV  
  41  3:35  SCV  
  41  3:43  SCV  
  41  3:44  Supply Depot, Hellion x2  
  41  3:47  SCV  
  47  3:49  Cloaking Field  
  47  3:52  Banshee  
  50  4:00  SCV x2  
  50  4:01  Barracks Tech Lab  
  52  4:05  Armory  
  52  4:11  Hellion x2  
  56  4:17  Supply Depot  
  56  4:18  SCV  
  56  4:20  Marine  
  56  4:21  Stimpack  
  56  4:23  SCV  
  59  4:30  SCV  
  60  4:38  Banshee  
  60  4:40  SCV  
  60  4:43  Command Center  
  64  4:54  Barracks, SCV  
  64  4:56  Factory Reactor  
  64  4:57  Barracks, SCV  
  66  5:05  Supply Depot  
  66  5:06  SCV  
  67  5:09  SCV  
  68  5:15  Engineering Bay x2  
  68  5:18  SCV  
  68  5:19  Hellion x3  
  67  5:21  SCV  
  62  5:30  SCV  
  62  5:33  SCV  
  62  5:41  Starport Reactor  
  62  5:42  SCV  
  63  5:45  Refinery, Terran Infantry Armor Level 1, SCV, Terran Infantry Weapons Level 1  
  64  5:53  Marine x3, Refinery  
  64  5:54  Marine x2, SCV  
  70  5:57  Barracks x2  
  70  5:58  Siege Tank  
  70  6:02  Orbital Command  
  69  6:11  Marine x2, SCV  
  69  6:13  Marine  
  69  6:14  Marine  
  69  6:16  SCV  
  69  6:18  Supply Depot  
  72  6:21  Marine  
  72  6:24  Medivac x2  
  77  6:29  Marine x2, Orbital Command  
  77  6:31  Marine x2  
  81  6:36  SCV  
  81  6:37  SCV  
  83  6:42  Marine  
  83  6:43  Supply Depot, Siege Tank  
  83  6:47  Marine x2, Barracks Reactor  
  87  6:49  SCV  
  87  6:51  Supply Depot  
  87  6:52  Combat Shield, Barracks Reactor, Supply Depot  
  90  6:56  Marine x2  
  90  7:01  SCV x2  
  94  7:02  SCV  
  94  7:06  Supply Depot  
  95  7:10  Marine x2  
  95  7:11  Medivac  
  95  7:13  SCV x2  
  95  7:14  SCV  
  102  7:20  Marine x3  
  102  7:22  Siege Tank  
  105  7:25  SCV x2  
  105  7:26  SCV  
  105  7:28  Marine  
  111  7:30  Supply Depot  
  111  7:31  Missile Turret x2  
  111  7:33  Missile Turret  
  111  7:35  Marine  
  111  7:37  Marine x2  
  110  7:38  SCV  
  111  7:53  Terran Infantry Weapons Level 2, Terran Infantry Armor Level 2  
  111  7:54  Marine x2  
  111  7:56  SCV x2  
  111  7:57  SCV  
  115  8:08  Widow Mine x2  
  115  8:12  Marine, Factory  
  119  8:13  Marine x3, Marauder  
  119  8:18  Refinery, Supply Depot  
  119  8:19  Supply Depot  
  125  8:21  Marine  
  125  8:22  Marine, Marauder  
  125  8:23  Concussive Shells  
  129  8:29  Widow Mine  
  129  8:30  Widow Mine  
  129  8:31  Marine x2  
  129  8:32  Marine  
  136  8:34  Marauder  
  136  8:36  Supply Depot  
  138  8:42  Marine  
  138  8:43  Marine x2, Marauder  
  138  8:44  Medivac  
  138  8:48  Command Center  
  145  8:49  Marine  
  145  8:55  Factory Tech Lab, Widow Mine x2  
  150  8:57  Terran Vehicle And Ship Armor Level 1  
  150  9:06  Marine x2  
  150  9:07  Marauder, Supply Depot  
  150  9:08  Barracks x2  
  150  9:09  Barracks  
  147  9:10  Marine  
  124  9:17  Marine  
  124  9:18  Marauder  
  124  9:22  Medivac  
  124  9:23  Medivac  
  113  9:31  Widow Mine  
  113  9:33  Marine, Marauder  
  113  9:36  Marine x2  
  113  9:37  Marine x3  
  116  9:38  Marine, Drilling Claws  
  116  9:42  SCV x3  
  120  9:48  Thor  
  120  9:51  Marine, Widow Mine  
  129  9:54  Marine x2, SCV  
  129  9:56  Barracks Reactor  
  129  9:59  SCV x2  
  134  10:06  SCV  
  135  10:08  Marine x3, Marauder  
  135  10:09  Barracks Reactor  
  135  10:11  SCV  
  135  10:12  Missile Turret, Supply Depot  
  135  10:13  Marauder  
  143  10:14  Barracks Tech Lab  
  143  10:15  Marine x3  
  146  10:23  Terran Infantry Weapons Level 3  
  146  10:25  Marine, SCV x3  
  150  10:29  Marauder  
  150  10:30  Marine  
  150  10:31  Marine  
  150  10:33  Marine  
  150  10:34  Marauder  
  153  10:37  SCV, Supply Depot x2  
  153  10:38  Widow Mine x3  
  159  10:44  Planetary Fortress, Missile Turret  
  159  10:45  Missile Turret  
  159  10:52  Supply Depot x2, Sensor Tower  
  159  10:54  SCV x3  
  162  10:59  Marine, Widow Mine x2  
  162  11:00  Marauder  
  169  11:04  Unknown  
  169  11:09  Command Center  
  169  11:11  Refinery  
  169  11:16  Marine x2  
  169  11:17  Marauder x2  
  169  11:18  Widow Mine  
  159  11:20  Widow Mine, Terran Infantry Armor Level 3  
  161  11:29  Marine, Marauder  
  161  11:32  Widow Mine, Unknown x4  
  166  11:37  Marine  
  166  11:38  Marine x4, Marauder x2  
  166  11:39  Marine x2, Widow Mine  
  178  11:40  Marine x2  
  178  11:43  SCV  
  178  11:45  Refinery x2  
  178  11:46  Marine  
  183  11:48  Medivac x2  
  183  11:50  Marine  
  188  11:55  Widow Mine  
  188  11:58  Marine  
  188  11:59  Marine x3, Marauder  
  188  12:00  Marauder  
  198  12:03  Widow Mine  
  198  12:07  Marine  
  200  12:14  Ghost Academy  
  200  12:20  Command Center  
  200  12:26  Marine  
  200  12:28  Marine x2  
  200  12:29  Marauder x2  
  183  12:31  Widow Mine x3  
  183  12:34  Marauder, Medivac x2  
  188  12:40  Marine  
  188  12:43  Marine x2  
  180  12:47  Marine  
  180  12:50  Marauder x2  
  177  12:52  Marine, Widow Mine x2  
  177  12:53  Marine x2  
  177  12:56  Widow Mine  
  165  13:04  Medivac x2  
  141  13:08  Marine  
  141  13:12  Marauder x2  
  136  13:13  Orbital Command  
  136  13:14  Widow Mine  
  136  13:26  Supply Depot  
  133  13:27  Supply Depot  
  133  13:29  Marine, Widow Mine  
  133  13:30  Widow Mine  
  133  13:33  Marauder x2  
  117  13:34  Medivac x2  
  117  13:35  Orbital Command  
  117  13:38  SCV x2  
  117  13:54  Marauder, Thor  
  117  13:55  Marauder  
  117  13:59  Marine  
  117  14:01  Marine x2, Unknown x3  
  116  14:03  SCV  
  117  14:11  Orbital Command  
  117  14:15  Marine  
  117  14:16  Unknown x2  
  114  14:23  Widow Mine x2  
  118  14:24  SCV x3  
  118  14:29  Marine  
  118  14:30  Marine x3  
  118  14:31  Marine  
  126  14:35  Supply Depot  
  126  14:36  SCV  
  127  14:41  Widow Mine  
  127  14:42  Marine  
  127  14:44  Widow Mine  
  132  14:46  SCV x2  
  133  14:57  SCV  
  133  14:59  Marine x5  
  137  15:00  Marine, Sensor Tower  
  137  15:01  SCV  
  137  15:03  Missile Turret  
  137  15:06  Liberator x2  
  140  15:12  SCV  
  141  15:19  Missile Turret  
  141  15:20  Missile Turret  
  141  15:21  Widow Mine x3  
  147  15:26  Personal Cloaking  
  153  15:29  SCV  
  153  15:32  Supply Depot  
  154  15:52  Widow Mine x2, Ghost x2  
  154  15:54  Marine  
  154  15:56  Liberator x2  
  155  16:04  Marine  
  135  16:15  Barracks x2  
  135  16:16  Barracks  
  141  16:21  Ghost  
  141  16:24  Supply Depot  
  143  16:35  Ghost  
  143  16:49  Ghost  
  143  16:52  Orbital Command  
  145  16:55  Widow Mine x2  
  145  16:57  Supply Depot  
  145  16:58  SCV  
  146  17:02  Unknown  
  146  17:06  Barracks Tech Lab x2  
  146  17:07  Barracks Tech Lab  
  146  17:08  Marine x6, Marauder  
  154  17:15  SCV  
  154  17:16  SCV x2  
  154  17:17  Refinery x2  
  154  17:18  Marauder  
  153  17:26  Marine  
  153  17:27  Marine  
  113  17:35  Unknown x9  
  113  17:36  Unknown x2  
Show
View Real Time Build Order
Export as new Build Order

soO Zerg - Winner!

Build Orders: Hatch First, Muta Ling Bane 

Get SALT Encoding   

  12  0:00  Drone  
  13  0:12  Overlord  
  13  0:17  Drone  
  14  0:30  Drone x2  
  14  0:34  Drone  
  17  0:50  Hatchery  
  17  0:53  Drone  
  17  0:56  Drone  
  18  1:07  Extractor  
  17  1:11  Spawning Pool  
  17  1:15  Drone  
  17  1:18  Drone  
  18  1:27  Drone  
  19  1:38  Overlord  
  19  1:52  Drone  
  20  1:58  Queen  
  20  1:59  Zergling x2  
  23  2:02  Queen, Zergling x2  
  23  2:06  Metabolic Boost  
  26  2:12  Drone  
  26  2:15  Drone  
  28  2:28  Hatchery  
  27  2:31  Drone  
  27  2:35  Drone  
  29  2:40  Drone x2  
  31  2:46  Queen  
  33  2:51  Overlord  
  33  2:54  Drone  
  33  2:57  Drone  
  35  3:01  Drone  
  36  3:12  Drone  
  37  3:13  Drone x2  
  37  3:14  Drone  
  37  3:17  Overlord  
  40  3:22  Queen, Drone  
  40  3:25  Drone  
  44  3:36  Drone  
  44  3:37  Drone  
  44  3:41  Queen, Drone  
  48  3:46  Zergling x4  
  51  3:50  Drone x2  
  51  3:52  Drone  
  51  3:54  Overlord  
  51  3:55  Drone  
  55  3:57  Drone  
  55  3:58  Drone  
  55  4:01  Overlord  
  57  4:08  Drone  
  58  4:10  Overlord  
  58  4:12  Queen  
  58  4:13  Drone x2  
  58  4:15  Overlord  
  62  4:18  Lair  
  62  4:19  Baneling Nest  
  62  4:23  Extractor x2  
  59  4:25  Drone x2  
  59  4:28  Spore Crawler  
  59  4:29  Spore Crawler x2  
  59  4:30  Drone  
  59  4:33  Drone x2  
  59  4:35  Drone  
  59  4:37  Drone x2  
  64  4:40  Drone x2  
  64  4:45  Drone x3  
  69  4:52  Queen  
  69  4:56  Drone x3  
  69  4:57  Drone x2  
  69  4:59  Drone x2  
  78  5:02  Baneling  
  78  5:03  Baneling x3  
  78  5:08  Baneling x4  
  78  5:11  Zergling x2  
  79  5:17  Overseer  
  76  5:23  Zergling x4  
  75  5:30  Drone x2  
  75  5:32  Spire  
  75  5:33  Drone x4  
  75  5:35  Drone  
  80  5:38  Zergling x2  
  80  5:41  Overlord  
  80  5:42  Extractor  
  80  5:44  Overlord  
  80  5:45  Extractor  
  80  5:46  Overlord  
  79  5:50  Extractor  
  79  5:52  Overlord  
  79  5:53  Zergling x4  
  79  5:54  Zergling x2  
  81  6:00  Drone x2  
  81  6:01  Centrifical Hooks  
  78  6:13  Drone x3  
  78  6:15  Drone x4  
  85  6:19  Drone  
  85  6:23  Drone x3  
  85  6:24  Drone, Overseer  
  89  6:27  Drone x3  
  89  6:28  Evolution Chamber, Drone  
  89  6:29  Evolution Chamber  
  89  6:32  Extractor  
  89  6:33  Drone  
  89  6:35  Drone x2  
  92  6:41  Hatchery  
  91  6:49  Mutalisk x6  
  103  6:56  Drone x3  
  106  7:04  Hatchery  
  105  7:10  Zerg Ground Armor Level 1, Zerg Melee Weapons Level 1  
  105  7:12  Zergling x2  
  105  7:13  Zergling x12  
  112  7:23  Baneling x5  
  112  7:27  Zergling x2  
  112  7:29  Overlord x4  
  113  7:43  Overlord  
  106  7:48  Zergling x10  
  105  7:56  Mutalisk x5  
  113  8:14  Drone  
  113  8:15  Drone x4  
  116  8:25  Mutalisk x2  
  120  8:27  Baneling x10  
  120  8:28  Zergling x18  
  129  8:35  Zergling x12  
  135  8:43  Mutalisk x2  
  135  8:45  Zergling x6  
  142  8:49  Mutalisk x2  
  142  8:52  Zergling x8  
  150  8:57  Zergling x4  
  116  9:17  Zergling x18  
  116  9:18  Zergling x16  
  116  9:22  Mutalisk x3  
  132  9:28  Zergling x2  
  132  9:29  Zergling x2  
  132  9:37  Drone x6  
  132  9:38  Zerg Ground Armor Level 2, Drone x2  
  135  9:39  Zerg Melee Weapons Level 2  
  135  9:40  Drone x2  
  135  9:41  Drone  
  138  9:46  Baneling  
  138  9:47  Baneling x6  
  138  9:49  Drone x2  
  140  9:55  Zerg Flyer Weapons Level 1  
  140  9:58  Hatchery  
  139  10:01  Mutalisk  
  139  10:03  Drone  
  139  10:04  Extractor, Drone x2  
  139  10:06  Baneling x2  
  139  10:07  Baneling  
  143  10:09  Zergling x20  
  143  10:13  Overlord  
  151  10:16  Overlord x2  
  151  10:21  Baneling  
  151  10:22  Baneling x2  
  151  10:23  Zergling x14  
  151  10:25  Overlord x2  
  151  10:26  Overlord x2  
  158  10:38  Zergling x12  
  164  10:47  Drone x4  
  164  10:48  Zergling x10, Infestation Pit  
  172  10:50  Baneling x8  
  172  10:51  Overseer, Drone  
  172  10:54  Zergling x4  
  172  10:55  Zergling x2  
  176  11:03  Zergling x2, Baneling x3  
  176  11:04  Zergling x6  
  180  11:09  Hatchery  
  175  11:18  Zergling x26  
  176  11:19  Pneumatized Carapace  
  176  11:21  Overseer  
  176  11:25  Drone  
  179  11:26  Hive  
  179  11:31  Overseer  
  179  11:33  Baneling  
  179  11:34  Baneling x8  
  179  11:38  Zergling x2  
  179  11:39  Zergling x24  
  192  11:43  Baneling x2  
  192  11:44  Baneling x4  
  192  11:52  Overseer x2  
  192  11:55  Baneling x3  
  192  11:56  Baneling  
  192  11:57  Zergling x16  
  200  12:05  Zerg Flyer Weapons Level 2  
  200  12:12  Baneling  
  200  12:13  Baneling x10  
  200  12:17  Baneling  
  200  12:18  Baneling x11  
  200  12:19  Baneling x3  
  187  12:33  Zergling x6  
  187  12:34  Zergling x20  
  200  12:47  Zergling x2  
  200  12:48  Zergling x16  
  185  12:59  Zergling x20  
  185  13:02  Zergling x14  
  185  13:03  Baneling x13  
  185  13:04  Baneling x6  
  183  13:06  Zergling x6  
  183  13:09  Zergling x4  
  183  13:10  Zergling x14  
  185  13:17  Zergling x8  
  170  13:22  Zergling x4  
  149  13:35  Zergling x24  
  149  13:36  Zergling x2  
  149  13:38  Drone x4  
  166  13:41  Adrenal Glands  
  166  13:45  Evolution Chamber  
  166  13:46  Evolution Chamber  
  166  13:47  Baneling x8  
  154  13:57  Zergling x10  
  154  13:58  Zergling x10  
  164  14:06  Drone x3  
  167  14:19  Hatchery, Zerg Melee Weapons Level 3, Zerg Ground Armor Level 3  
  167  14:20  Zergling x14  
  173  14:26  Zergling x4  
  173  14:30  Infestor x2  
  179  14:32  Ultralisk Cavern  
  179  14:35  Overseer  
  179  14:38  Drone x5  
  183  14:39  Drone  
  182  15:00  Drone  
  182  15:01  Drone x2  
  182  15:06  Overlord x2  
  185  15:11  Baneling  
  185  15:20  Chitinous Plating  
  185  15:22  Zergling x2  
  185  15:23  Zergling x6  
  185  15:25  Baneling x6  
  185  15:26  Baneling x6  
  189  15:30  Ultralisk, Zergling x8  
  197  15:43  Overseer  
  197  15:49  Hatchery  
  196  15:54  Zergling x6  
  184  16:09  Ultralisk x3, Zergling x2  
  184  16:10  Zergling x16  
  195  16:23  Zergling x8  
  199  16:32  Extractor x2  
  199  16:39  Anabolic Synthesis  
  195  16:42  Drone x2  
  195  16:43  Drone  
  195  16:44  Drone  
  199  17:05  Baneling x11  
  199  17:15  Baneling  
  199  17:16  Baneling x5  

Tags
 
Add a new tag
Caveats
  • Supply blocks, unpowered buildings, or Contaminate may cause inaccurate times.
  • Supply counts are checked every 10 seconds.